 Dungeon Crawl Stone Soup version 0.27-a0-1193-g8631133539 (webtiles) character file.

Game seed: 15200030866138993797

3663 freelancePsychic the Slicer (level 10, -2/51 HPs)
             Began as a Vine Stalker Fighter on May 25, 2021.
             Was a Priest of Cheibriados.
             Slain by an orc warrior
             ... wielding a +0 battleaxe
              (9 damage)
             ... on level 7 of the Dungeon.
             The game lasted 00:21:19 (6544 turns).

freelancePsychic the Slicer (Vine Stalker Fighter)  Turns: 6544, Time: 00:21:20

Health: -2/51      AC: 14    Str: 33    XL:     10   Next: 12%
Magic:  0/15       EV:  5    Int: 21    God:    Cheibriados [***...]
Gold:   369        SH: 12    Dex: 23    Spells: 9/9 levels left

rFire    + + .     SeeInvis .   i - +3 dagger (drain)
rCold    + . .     Faith    .   c - +0 kite shield
rNeg     . . .     Spirit   +   e - +0 plate armour
rPois    .         Reflect  .   (no helmet)
rElec    .         Harm     .   j - scarf {rC+ rF+}
rCorr    .         Rampage  .   p - +1 pair of gloves
Will     ++...                  (no boots)
Stlth    ..........             t - amulet "Oneunismots" {RegenMP Fly rF+ Int+3}
HPRegen  1.17/turn              g - ring of willpower
MPRegen  0.39/turn              l - +6 ring of strength

@: mighty, flying, studying Shields, very slow
A: fangs 3, regeneration 1, magic shield, antimagic bite, no potion heal 2
a: Renounce Religion, Bend Time, Temporal Distortion


You were on level 7 of the Dungeon.
You worshipped Cheibriados.
Cheibriados was most pleased with you.
You visited 2 branches of the dungeon, and saw 10 of its levels.

You collected 369 gold pieces.

Inventory:

Hand Weapons
 a - a +0 rapier of draining
 i - a +3 dagger of draining (weapon)
Missiles
 k - a throwing net
 q - 5 atropa-tipped darts (quivered)
Armour
 c - a +0 kite shield (worn)
 e - a +0 plate armour (worn)
 j - a scarf of resistance (worn)
 p - a +1 pair of gloves (worn)
Jewellery
 g - a ring of willpower (left hand)
 l - a +6 ring of strength (right hand)
 o - a ring of positive energy
 t - the amulet "Oneunismots" (around neck) {RegenMP Fly rF+ Int+3}
   (You found it on level 5 of the Dungeon)

   [amulet of magic regeneration]

   It increases your rate of magic regeneration.
   It affects your intelligence (+3).
   It protects you from fire.
   It grants you flight.
 u - a +6 ring of dexterity
 w - a +6 ring of dexterity
 y - an amulet of guardian spirit
Wands
 d - a wand of flame (18)
 m - a wand of polymorph (4)
Scrolls
 f - 3 scrolls of noise
 n - a scroll of fog
 v - 2 scrolls of torment
Potions
 b - a potion of degeneration
 h - 3 potions of curing {@q1}
 r - a potion of might
 s - a potion of cancellation {unknown}
 x - a potion of flight {unknown}


   Skills:
 + Level 4.4 Fighting
 - Level 10.0 Short Blades
 - Level 5.5 Armour
 + Level 3.7 Shields
 - Level 5.6 Invocations


You had 9 spell levels left.
You didn't know any spells.
Your spell library contained the following spells:

 Spells                   Type           Power      Damage    Failure   Level
 Beastly Appendage        Tmut           0%         N/A       99%         1
 Corona                   Hex            0%         N/A       99%         1
 Freeze                   Ice            0%         1d3       99%         1
 Magic Dart               Conj           0%         1d3       99%         1
 Sandblast                Erth           0%         2d4       99%         1
 Blink                    Tloc           N/A        N/A       100%        2
 Call Imp                 Summ           0%         N/A       100%        2
 Ensorcelled Hibernation  Hex/Ice        0%         N/A       100%        2
 Passwall                 Tmut/Erth      0%         N/A       100%        2
 Slow                     Hex            0%         N/A       100%        2
 Wereblood                Tmut           0%         N/A       100%        2
 Confusing Touch          Hex            0%         N/A       100%        3
 Conjure Flame            Conj/Fire      0%         6-21      100%        3
 Dazzling Flash           Conj/Hex       0%         N/A       100%        3
 Frozen Ramparts          Ice            0%         1d2       100%        3
 Gell's Gravitas          Tloc           0%         N/A       100%        3
 Mephitic Cloud           Conj/Pois/Air  0%         N/A       100%        3
 Ozocubu's Armour         Ice            0%         N/A       100%        3
 Spider Form              Tmut/Pois      0%         N/A       100%        3
 Stone Arrow              Conj/Erth      0%         3d7       100%        3
 Tukima's Dance           Hex            0%         N/A       100%        3
 Hailstorm                Conj/Ice       0%         3d3       100%        4
 Ice Form                 Ice/Tmut       0%         N/A       100%        4
 Petrify                  Tmut/Erth      0%         N/A       100%        4
 Hydra Form               Tmut           0%         N/A       100%        5
 Lee's Rapid Deconstruct  Erth           0%         3d5*      100%        5
 Metabolic Englaciation   Hex/Ice        0%         N/A       100%        5
 Yara's Violent Unravell  Hex/Tmut       0%         3d3       100%        5


Dungeon Overview and Level Annotations

Branches:
Dungeon (9/15)             Temple (1/1) D:4
   Lair: D:8-11         Orc: D:9-12

Altars:
Ashenzari
Cheibriados
Dithmenos
Elyvilon
Fedhas
Gozag
Hepliaklqana
Kikubaaqudgha
Makhleb
Nemelex Xobeh
Okawaru
Qazlal
Ru
Sif Muna
Trog
Uskayaw
Vehumet
Wu Jian
Xom
Yredelemnul
Zin
The Shining One

Annotations:
D:9 2 runed translucent doors, indyram44's ghost, novice MiBe


Innate Abilities, Weirdness & Mutations

You have razor-sharp teeth.
Your natural rate of healing is unusually fast.
When hurt, damage is shared between your health and your magic reserves.
Your bite disrupts and absorbs the magic of your enemies.
Potions cannot restore your health.


Message History

You feel very sick. You block the hornet's attack.
You hit the hornet. You bite the hornet! You drain its power.
You feel invigorated.
The hornet is almost dead.
You feel sick. The hornet stings you!
* * * LOW HITPOINT WARNING * * *
You feel yourself slow down.
Okay, then.
You feel very mighty all of a sudden.
You feel yourself speed up.
You feel very sick.
The hornet is no longer moving slowly.
The orc warrior is no longer moving slowly.
You block the hornet's attack.
The orc warrior hits you with a +0 battleaxe!
* * * LOW HITPOINT WARNING * * *
You block the hornet's attack.
Your system rejects the healing.
You feel better. You block the orc's attack. The hornet stings you.
* * * LOW HITPOINT WARNING * * *
You suddenly lose the ability to move!
The orc warrior hits you but does no damage.
You can move again.
Okay, then.
You puncture the hornet!
You kill the hornet!
Cheibriados thoroughly appreciates the change of pace.
The orc hits you but does no damage.
The orc warrior hits you with a +0 battleaxe.
* * * LOW HITPOINT WARNING * * *
The orc warrior hits you with a +0 battleaxe.
* * * LOW HITPOINT WARNING * * *
You hit the orc warrior but do no damage.
Your bite misses the orc warrior.
The orc warrior is lightly wounded.
You hit the orc warrior. You drain the orc warrior.
Your bite misses the orc warrior.
The orc warrior is moderately wounded.
The orc warrior hits you with a +0 battleaxe!
You die...

..#.##.................
#. # #.#.............##
##.......##......
#........##..#..
#........##..# .
.........oo.## .##
.##.....##oo.##...##
........####........
..........@o..###...
.......##...#.# .......
#...#..#
...............#
................
.................
...>..............
##...........


You could see an orc warrior (drained).

Vanquished Creatures
  A two-headed ogre (D:8)
  2 hornets
  An acid dragon (D:8)
  3 water moccasins
  A sky beast (D:5)
  Duvessa (D:5)
  2 black bears
  A centaur (D:6)
  2 kobold brigands
  A bullfrog (D:6)
  A scorpion (D:7)
  Dowan (D:5)
  A water moccasin skeleton (D:5)
  9 killer bees (D:8)
  4 wights
  4 crimson imps (D:6)
  2 bullfrog zombies (D:5)
  A centaur zombie (D:6)
  3 hounds
  2 jellies
  An orc priest (D:8)
  A gnoll shaman (D:8)
  A centaur skeleton (D:4)
  2 iguanas
  2 hound skeletons
  14 gnolls
  3 adders
  A white imp (D:6)
  2 ufetubi
  An adder skeleton (D:4)
  3 worms
  A dart slug (D:4)
  7 orcs
  2 bats (D:2)
  7 endoplasms
  4 giant cockroaches
  7 goblins
  3 hobgoblins
  2 jackals (D:3)
  8 quokkas
  3 frilled lizards
  15 kobolds
  3 rats
136 creatures vanquished.

Vanquished Creatures (others)
  A plant (D:4)
1 creature vanquished.

Grand Total: 137 creatures vanquished

Notes
Turn   | Place    | Note
-------+----------+-------------------------------------------
     0 | D:1      | freelancePsychic the Vine Stalker Fighter began the quest
                  | for the Orb.
     0 | D:1      | Reached XP level 1. HP: 11/11 MP: 2/2
    37 | D:1      | Reached skill level 2 in Short Blades
   220 | D:1      | Reached XP level 2. HP: 14/16 MP: 3/3
   633 | D:1      | Found a faded altar of an unknown god.
   999 | D:2      | Reached XP level 3. HP: 17/20 MP: 2/4
  1494 | D:2      | You fall into a shaft and drop 2 floors!
  1511 | D:4      | Found a staircase to the Ecumenical Temple.
  1516 | Temple   | Entered the Ecumenical Temple
  1613 | Temple   | Became a worshipper of Cheibriados the Contemplative
  1677 | D:3      | Reached skill level 3 in Short Blades
  1715 | D:3      | Gained mutation: Your natural rate of healing is unusually
                  | fast. [Vine Stalker growth]
  1715 | D:3      | Reached XP level 4. HP: 20/24 MP: 5/5
  1779 | D:3      | Reached XP level 5. HP: 26/28 MP: 4/6
  2007 | D:2      | Reached * piety under Cheibriados
  2997 | D:4      | Reached skill level 4 in Short Blades
  3254 | D:4      | Found a hazy altar of Hepliaklqana.
  3260 | D:4      | Found an iron altar of Okawaru.
  3456 | D:5      | Entered Level 5 of the Dungeon
  3469 | D:5      | Reached XP level 6. HP: 21/33 MP: 3/7
  3703 | D:5      | Reached ** piety under Cheibriados
  3713 | D:5      | Identified the amulet "Oneunismots" {RegenMP Fly rF+ Int+3}
  3724 | D:5      | Noticed a sky beast
  3737 | D:5      | Killed a sky beast
  3751 | D:5      | Noticed a black bear
  3767 | D:5      | Killed a black bear
  3768 | D:5      | Reached skill level 5 in Short Blades
  3768 | D:5      | Reached XP level 7. HP: 36/37 MP: 6/8
  3800 | D:5      | Reached skill level 1 in Invocations
  4115 | D:5      | Noticed Duvessa
  4134 | D:5      | Killed Duvessa
  4139 | D:5      | Noticed Dowan
  4146 | D:5      | Killed Dowan
  4172 | D:5      | Gained mutation: You have razor-sharp teeth. [Vine Stalker
                  | growth]
  4172 | D:5      | Reached XP level 8. HP: 42/42 MP: 10/10
  4238 | D:5      | Reached skill level 6 in Short Blades
  4586 | D:6      | You fall into a shaft and drop 3 floors!
  4645 | D:9      | Found a large runed translucent door.
  4648 | D:9      | Found a large runed translucent door.
  4651 | D:9      | Noticed indyram44's ghost (novice MiBe)
  4695 | D:8      | Reached skill level 7 in Short Blades
  4711 | D:8      | Reached skill level 5 in Armour
  4766 | D:8      | Reached *** piety under Cheibriados
  4812 | D:8      | Noticed a two-headed ogre
  4827 | D:8      | Killed a two-headed ogre
  4828 | D:8      | Reached skill level 8 in Short Blades
  4828 | D:8      | Reached XP level 9. HP: 26/45 MP: 13/13
  4917 | D:8      | Reached skill level 5 in Invocations
  5206 | D:8      | Noticed a hornet
  5239 | D:8      | Killed a hornet
  5546 | D:8      | Reached skill level 9 in Short Blades
  5769 | D:7      | Identified a scroll of acquirement
  5770 | D:7      | Acquired a manual of Shields
  6062 | D:6      | Found a shimmering altar of Xom.
  6096 | D:6      | Found a hide-covered altar of Uskayaw.
  6131 | D:6      | Reached XP level 10. HP: 47/49 MP: 15/15
  6523 | D:7      | Reached skill level 10 in Short Blades
  6529 | D:7      | Paralysed by a hornet for 3 turns
  6537 | D:7      | HP: 2/49 [orc warrior/+0 battleaxe (7)]
  6538 | D:7      | Paralysed by a hornet for 1 turns
  6544 | D:7      | Slain by an orc warrior

Illustrated notes

Levels and vault maps discovered:
D:1:      evilmike_arrival_grusome_pit, layout_loops_ring,
          shapermc_ecumenical_altar_mp_highgroup
D:2:      layout_basic
D:3:      layout_loops_ring, corexii_corridor_pit
D:4:      layout_basic, amethyst_overflow_temple_binary,
          minmay_temple_entry_gardened_gates
D:5:      layout_basic, serial_glass, glass_columns_c, glass_columns_c,
          grunt_ministairs_1, uniq_duvessa
D:6:      layout_loops_ring, kennysheep_mini, led_xom_imps
D:7:      layout_cave_pools, hangedman_decor_diamond_cutter, uniq_harold
D:8:      layout_basic
D:9:      layout_cave_pools, ebering_ghost_disaster_area,
          minmay_misc_feat_doors, nicolae_straight_to_the_point, uniq_maggie
Temple:   compressed_dpeg_circular_temple

Skill      XL: |  1  2  3  4  5  6  7  8  9 10 |
---------------+-------------------------------+-----
Short Blades   | 2 3 4 5 8 9 10 | 10.0
Fighting       | 3 4 |  4.4
Armour         | 3 4 5 |  5.5
Invocations    | 2 4 5 |  5.6
Shields        | 3 |  3.7

Action                   |  1- 3 |  4- 6 |  7- 9 | 10-12 || total
-------------------------+-------+-------+-------+-------++-------
Melee: Rapier            |    79 |       |       |       ||    79
       Bite              |    16 |    53 |   115 |    15 ||   199
       Dagger            |    11 |   129 |   252 |    26 ||   418
Throw: Dart              |       |       |     2 |       ||     2
       Throwing net      |       |       |     1 |       ||     1
Invok: Bend Time         |       |       |     7 |     1 ||     8
  Use: Scroll            |     1 |     5 |    11 |     1 ||    18
       Potion            |       |       |     2 |     2 ||     4
Armor: Scale mail        |     2 |       |       |       ||     2
       Plate armour      |    37 |    55 |    97 |    10 ||   199
       Skin              |       |       |    39 |       ||    39
Dodge: Dodged            |    13 |    15 |    39 |     5 ||    72
Block: Kite shield       |    38 |    50 |   125 |    19 ||   232

Table legend: (Time is in decaauts)
 A = Elapsed time spent in this place.
 B = Non-inter-level travel time spent in this place.
 C = Inter-level travel time spent in this place.
 D = Time resting spent in this place.
 E = Time spent auto-exploring this place.
 F = Levels seen in this place.
 G = Mean time per level.
                   A        B        C        D        E       F      G
               +--------+--------+--------+--------+--------+-----+--------+
         Total |   8402 |   8056 |    346 |    185 |   6563 |  10 |  840.2 |
       Dungeon |   8289 |   7984 |    305 |    185 |   6492 |   9 |  921.0 |
        Temple |    112 |     72 |     40 |      0 |     71 |   1 |  112.0 |
               +--------+--------+--------+--------+--------+-----+--------+

Top non-repeatable levels by time:
     D:8: 1486 daAuts
     D:5: 1409 daAuts
     D:2: 1167 daAuts
     D:6: 1158 daAuts
     D:4: 1072 daAuts
     D:3: 899 daAuts
     D:1: 858 daAuts
     D:7: 125 daAuts
  Temple: 112 daAuts
     D:9: 111 daAuts
